 Dungeon Sprint DCSS version 0.20-a0-1058-g0491fde (webtiles) character file.

2146 lordofpotatos the Protected (level 9, -6/82 HPs)
             Began as a Human Fighter on Apr 26, 2017.
             Mangled by an acid blob (26 damage)
             ... created by the vengeance of Jiyva
             ... in the Dungeon (Sprint V: "Ziggurat Sprint").
             The game lasted 00:06:28 (334 turns).

lordofpotatos the Protected (Human Fighter)          Turns: 334, Time: 00:06:29

Health: -6/82      AC: 24    Str: 31    XL:     9   Next: 56%
Magic:  9/9        EV: 13    Int: 10    God:
Gold:   0          SH:  0    Dex: 17    Spells: 8/8 levels left

rFire    . . .     SeeInvis .   n - +3 sword of Power
rCold    . . .     Gourm    .   (shield currently unavailable)
rNeg     . . .     Faith    .   k - +15 Maxwell's patent armour {-Cast -Tele rElec MR+ rCorr}
rPois    .         Spirit   .   (no helmet)
rElec    +         Reflect  .   (no cloak)
rCorr    +         Harm     .   (no gloves)
MR       +....     NoTele   +   (no boots) Stlth ..........NoCast +
                                l - amulet of regeneration
Regen    1.1/turn               w - +6 ring of dexterity
MPRegen  0.2/turn               A - +6 ring of strength

@: mighty, corroded, studying Bows
A: thin metallic scales 2, regeneration 1, eyeballs 2, pseudopods 1, translucent
skin 1, tendrils, jelly absorbing missiles
a: no special abilities


You were in the Dungeon.
You were very full.

You visited 1 branch

Inventory:

Hand Weapons
 n - the +3 sword of Power (weapon)
   (You found it in the Dungeon)
Missiles
 o - 1000 arrows
 p - 1000 bolts
 q - 1000 sling bullets
Armour
 k - the +15 Maxwell's patent armour (worn) {-Cast -Tele rElec MR+ rCorr}
   (You found it in the Dungeon)

   It insulates you from electricity.
   It affects your resistance to hostile enchantments.
   It prevents spellcasting.
   It prevents most forms of teleportation.
   It protects you from acid and corrosion.
Jewellery
 l - an amulet of regeneration (around neck)
 w - a +6 ring of dexterity (left hand)
 A - a +6 ring of strength (right hand)
Scrolls
 s - 5 scrolls of remove curse
Potions
 a - 2 potions of brilliance
 b - 2 potions of invisibility
 c - 4 potions of resistance
 d - 4 potions of might
 e - 10 potions of curing
 g - 14 potions of heal wounds
 h - 6 potions of haste
 i - 7 potions of magic
 j - 3 potions of berserk rage
 m - 5 potions of agility
Books
 r - a manual of Bows
Comestibles
 f - 5 bread rations
 u - 42 fruits
 v - 4 meat rations


   Skills:
 + Level 11.9 Fighting
 + Level 10.0 Long Blades
 + Level 11.9 Armour
 + Level 8.0 Dodging
   Level 3.0 Shields


You had 8 spell levels left.
You didn't know any spells.

Dungeon Overview and Level Annotations

Branches:
Dungeon (1/1)

Altars:
Ashenzari
Cheibriados
Dithmenos
Elyvilon
Fedhas
Gozag
Hepliaklqana
Kikubaaqudgha
Makhleb
Nemelex Xobeh
Okawaru
Qazlal
Ru
Sif Muna
Trog
Uskayaw
Vehumet
Wu Jian
Xom
Yredelemnul
Zin
The Shining One
Beogh
Jiyva
Lugonu

Annotations:
D 1 transporter


Innate Abilities, Weirdness & Mutations

You are mostly covered in thin metallic scales. (AC +3)
Your natural rate of healing is unusually fast.
Your body has grown many golden eyes which may confuse attackers. (Acc +5)
Armour fits poorly on your pseudopods.
Your translucent skin slightly reduces your foes' accuracy. (Stealth)
You are covered in slimy tendrils that may disarm your opponents.
You have a small jelly attached to you that may absorb incoming projectiles.


Message History

You slash the great orb of eyes! You bludgeon the great orb of eyes.
The great orb of eyes is severely wounded.
The great orb of eyes completely misses you.
The acid blob spits acid at you. The splash of acid misses you.
You cut the great orb of eyes into ribbons!!!
You kill the great orb of eyes!
That felt strangely unrewarding.
The acid blob spits acid at you. The splash of acid hits you! You resist.
You are splashed with acid!
The acid burns!
You resist.
You slash the acid blob!
Your hands burn!
You bludgeon the acid blob, but do no damage.
The acid blob is lightly wounded.
The acid blob spits acid at you. The splash of acid hits you! You resist.
You are splashed with acid!
The acid burns!
You resist.
* * * LOW HITPOINT WARNING * * *
The acid blob hits you!!
You die...

▓..:..▓.....▓.).}.▓
▓..)).▓.††..▓.....▓
▓..)..▓.....▓..[..▓
▓.....▓.....▓..)..▓
▓.....▓.....▓▓▓▓▓▓▓
▓▓▓▓▓▓▓▓▓▓▓▓▓▓▓▓▓▓▓
▓..8©8...▓..8©8...▓
▓..):[...▓..}J=...▓
▓...)....▓....@...▓
▓........▓........▓
▓........▓........▓
▓.▓....▓.▓.▓....▓.▓
▓........▓........▓
▓▓▓▓▓▓▓▓▓▓▓▓▓▓▓▓▓▓▓


You could see an acid blob.

Vanquished Creatures
  A great orb of eyes (D)
  An ugly thing (D)
  Sigmund (D)
  2 air elementals (D)
  2 spriggans (D)
  3 insubstantial wisps (D)
  A water moccasin (shapeshifter) (D)
  A floating eye (D)
  Blork the orc (D)
  A scorpion (shapeshifter) (D)
  Crazy Yiuf (D)
  Jessica (D)
  3 mummies (D)
  An adder zombie (D)
20 creatures vanquished.

Notes
Turn   | Place    | Note
-------+----------+-------------------------------------------
     0 | D        | lordofpotatos the Human Fighter began the quest for the Orb.
     0 | D        | Reached XP level 1. HP: 18/18 MP: 1/1
    13 | D        | Found a blossoming altar of Fedhas.
    14 | D        | Found a deep blue altar of Sif Muna.
    14 | D        | Found a sacrificial altar of Ru.
    14 | D        | Found a bloodstained altar of Trog.
    14 | D        | Found a stormy altar of Qazlal.
    14 | D        | Found an iron altar of Okawaru.
    14 | D        | Found a sparkling altar of Nemelex Xobeh.
    16 | D        | Found an ancient bone altar of Kikubaaqudgha.
    16 | D        | Found a viscous altar of Jiyva.
    16 | D        | Found a corrupted altar of Lugonu.
    16 | D        | Found a hazy altar of Hepliaklqana.
    16 | D        | Found a burning altar of Makhleb.
    16 | D        | Found an opulent altar of Gozag.
   119 | D        | Became a worshipper of Jiyva Jomyox the Shapeless
   123 | D        | Reached * piety under Jiyva
   123 | D        | Reached ** piety under Jiyva
   123 | D        | Reached *** piety under Jiyva
   123 | D        | Gained mutation: You are clumsy. (Dex -2) [Jiyva's grace]
   125 | D        | Reached **** piety under Jiyva
   125 | D        | Gained mutation: Your spells are a little easier to cast, but a little less powerful. [Jiyva's grace]
   126 | D        | Reached ***** piety under Jiyva
   126 | D        | Gained mutation: Your translucent skin slightly reduces your foes' accuracy. (Stealth) [Jiyva's grace]
   126 | D        | Gained mutation: Your flesh is heat resistant. (rF+) [Jiyva's grace]
   126 | D        | Reached ****** piety under Jiyva
   126 | D        | Lost mutation: You are clumsy. (Dex -2) [Jiyva's grace]
   126 | D        | Gained mutation: Your body sometimes deteriorates upon taking damage. [Jiyva's grace]
   126 | D        | Gained mutation: Armour fits poorly on your pseudopods. [Jiyva's grace]
   127 | D        | Lost mutation: Your spells are a little easier to cast, but a little less powerful. [Jiyva's grace]
   127 | D        | Lost mutation: Your flesh is heat resistant. (rF+) [Jiyva's grace]
   129 | D        | Gained mutation: You are partially covered in thin metallic scales. (AC +2) [Jiyva's grace]
   129 | D        | Gained mutation: You are covered in slimy tendrils that may disarm your opponents. [Jiyva's grace]
   129 | D        | Gained mutation: You possess an exceptional clarity of mind. [Jiyva's grace]
   131 | D        | Gained mutation: You are frail. (-10% HP) [Jiyva's grace]
   131 | D        | Lost mutation: You are covered in slimy tendrils that may disarm your opponents. [Jiyva's grace]
   131 | D        | Gained mutation: You have a pair of small horns on your head. [Jiyva's grace]
   131 | D        | Gained mutation: You evolve. [Jiyva's grace]
   131 | D        | Lost mutation: Your body sometimes deteriorates upon taking damage. [Jiyva's grace]
   131 | D        | Gained mutation: You are clumsy. (Dex -2) [Jiyva's grace]
   132 | D        | Gained mutation: You have sharp toenails. [Jiyva's grace]
   133 | D        | Gained mutation: You are very clumsy. (Dex -4) [Jiyva's grace]
   133 | D        | Gained mutation: You are covered in slimy tendrils that may disarm your opponents. [Jiyva's grace]
   133 | D        | Gained mutation: Your spells are a little harder to cast, but a little more powerful. [Jiyva's grace]
   133 | D        | Lost mutation: You are frail. (-10% HP) [Jiyva's grace]
   133 | D        | Gained mutation: You are partially covered in molten scales. (AC +2) [Jiyva's grace]
   133 | D        | Lost mutation: You have a pair of small horns on your head. [Jiyva's grace]
   133 | D        | Gained mutation: You have a small jelly attached to you that may absorb incoming projectiles. [Jiyva's grace]
   133 | D        | Gained mutation: Your mind is acute. (Int +2) [Jiyva's grace]
   133 | D        | Lost mutation: Your mind is acute. (Int +2) [Jiyva's grace]
   133 | D        | Lost mutation: You possess an exceptional clarity of mind. [Jiyva's grace]
   133 | D        | Gained mutation: You have a small jelly attached to you that senses nearby items. [Jiyva's grace]
   134 | D        | Lost mutation: You are very clumsy. (Dex -4) [Jiyva's grace]
   134 | D        | Lost mutation: You are clumsy. (Dex -2) [Jiyva's grace]
   137 | D        | Lost mutation: You are covered in slimy tendrils that may disarm your opponents. [Jiyva's grace]
   141 | D        | Gained mutation: Your body has grown golden eyes which may confuse attackers. (Acc +3) [Jiyva's grace]
   141 | D        | Gained mutation: You possess an exceptional clarity of mind. [Jiyva's grace]
   141 | D        | Gained mutation: Your natural rate of healing is unusually fast. [Jiyva's grace]
   141 | D        | Gained mutation: You have a pair of small antennae on your head. [Jiyva's grace]
   141 | D        | Lost mutation: You have a pair of small antennae on your head. [Jiyva's grace]
   141 | D        | Gained mutation: You are agile. (Dex +2) [Jiyva's grace]
   141 | D        | Lost mutation: You have sharp toenails. [Jiyva's grace]
   142 | D        | Lost mutation: You are agile. (Dex +2) [Jiyva's grace]
   142 | D        | Gained mutation: Your body has grown many golden eyes which may confuse attackers. (Acc +5) [Jiyva's grace]
   143 | D        | Gained mutation: Your mind is acute. (Int +2) [Jiyva's grace]
   144 | D        | Lost mutation: Your mind is acute. (Int +2) [Jiyva's grace]
   145 | D        | Gained mutation: Your translucent skin reduces your foes' accuracy. (Stealth) [Jiyva's grace]
   145 | D        | Lost mutation: You evolve. [Jiyva's grace]
   145 | D        | Lost mutation: Your spells are a little harder to cast, but a little more powerful. [Jiyva's grace]
   147 | D        | Gained mutation: You have large cloven feet. [Jiyva's grace]
   147 | D        | Lost mutation: You possess an exceptional clarity of mind. [Jiyva's grace]
   148 | D        | Lost mutation: Your translucent skin reduces your foes' accuracy. (Stealth) [Jiyva's grace]
   148 | D        | Lost mutation: You have a small jelly attached to you that may absorb incoming projectiles. [Jiyva's grace]
   149 | D        | Lost mutation: You have a small jelly attached to you that senses nearby items. [Jiyva's grace]
   153 | D        | Lost mutation: You have large cloven feet. [Jiyva's grace]
   160 | D        | Gained mutation: You have a small jelly attached to you that may absorb incoming projectiles. [Jiyva's grace]
   160 | D        | Gained mutation: You are mostly covered in thin metallic scales. (AC +3) [Jiyva's grace]
   160 | D        | Lost mutation: You are partially covered in molten scales. (AC +2) [Jiyva's grace]
   160 | D        | Gained mutation: You are covered in slimy tendrils that may disarm your opponents. [Jiyva's grace]
   173 | D        | Entered arena 2.
   173 | D        | Noticed a spriggan
   173 | D        | Noticed a spriggan
   174 | D        | Fell from the grace of Jiyva
   180 | D        | Killed a spriggan
   180 | D        | Reached XP level 2. HP: 24/31 MP: 2/2
   180 | D        | Reached XP level 3. HP: 27/36 MP: 3/3
   180 | D        | Reached XP level 4. HP: 33/43 MP: 4/4
   180 | D        | Reached XP level 5. HP: 37/48 MP: 5/5
   181 | D        | Killed a spriggan
   181 | D        | Reached skill level 5 in Long Blades
   181 | D        | Reached XP level 6. HP: 46/58 MP: 6/6
   192 | D        | Reached skill level 10 in Fighting
   192 | D        | Reached skill level 10 in Armour
   192 | D        | Reached XP level 7. HP: 60/66 MP: 7/7
   196 | D        | Entered arena 3.
   196 | D        | Noticed a water moccasin
   196 | D        | Noticed a cyan ugly thing
   201 | D        | Killed a water moccasin
   201 | D        | Reached skill level 5 in Dodging
   201 | D        | Reached XP level 8. HP: 54/73 MP: 8/8
   207 | D        | Killed a cyan ugly thing
   267 | D        | Entered arena 4.
   267 | D        | Noticed Sigmund
   267 | D        | Noticed Jessica
   267 | D        | Noticed Blork the orc
   267 | D        | Noticed Crazy Yiuf
   269 | D        | Killed Crazy Yiuf
   270 | D        | Killed Blork the orc
   272 | D        | Killed Sigmund
   272 | D        | Reached XP level 9. HP: 81/81 MP: 9/9
   273 | D        | Killed Jessica
   278 | D        | Entered arena 5.
   296 | D        | Entered arena 6.
   314 | D        | Reached skill level 10 in Long Blades
   325 | D        | Noticed an acid blob
   325 | D        | Noticed a great orb of eyes
   328 | D        | Paralysed by a floating eye for 2 turns
   333 | D        | Killed a great orb of eyes
   334 | D        | Mangled by an acid blob

Vault maps used:
D:        sprint_v

Skill      XL: |  1  2  3  4  5  6  7  8  9 |
---------------+----------------------------+-----
Fighting       | 7 9 10 11 | 11.9
Long Blades    | 4 5 7 9 10 | 10.0
Armour         | 7 8 10 11 | 11.9
Dodging        | 4 5 6 8 |  8.0
Shields        | |  3.0

Action                   |  1- 3 |  4- 6 |  7- 9 || total
-------------------------+-------+-------+-------++-------
Melee: Great sword       |     5 |     1 |    45 ||    51
       Pseudopods        |       |     1 |    18 ||    19
Invok: Renounce Religion |     1 |       |       ||     1
  Use: Potion            |     1 |     1 |     1 ||     3
Armor: Plate armour      |     8 |       |    38 ||    46
Dodge: Dodged            |     1 |       |    30 ||    31
       Rpst.: Great sword |       |       |    11 ||    11
